2542 views
Uploaded 2021-10-05 06:52:11
Game version 1.32.10
28:25 long 3on3 ladder game on (6)RuinsOfStratholme
Saved by xzz
2542 views
Uploaded 2021-10-05 06:52:11
Game version 1.32.10
28:25 long 3on3 ladder game on (6)RuinsOfStratholme


162 units @ 21.7k
/ 3.6k
58 buildings @ 8.2k
/ 3.5k


| Lesser Clarity Potion | 2 | 140 |
| Scroll of Regeneration | 1 | 100 |
| Scroll of Town Portal | 3 | 1050 |
| total: | 6 | 1290g |
| Peasant | 11 | 825 | / | 0 |
| Spell Breaker | 7 | 1505 | / | 210 |
| Mortar Team | 4 | 720 | / | 280 |
| Flying Machine | 24 | 2400 | / | 720 |
| total: | 46 | 5450g | / | 1210w |
| Scout Tower | 6 | 180 | / | 120 |
| Guard Tower | 4 | 280 | / | 200 |
| Arcane Tower | 1 | 70 | / | 50 |
| Altar of Kings | 1 | 180 | / | 50 |
| Farm | 9 | 720 | / | 180 |
| Lumber Mill | 1 | 120 | / | 0 |
| Arcane Vault | 1 | 130 | / | 30 |
| Blacksmith | 1 | 140 | / | 60 |
| Arcane Sanctum | 2 | 300 | / | 280 |
| Workshop | 2 | 280 | / | 280 |
| Keep | 1 | 320 | / | 210 |
| total: | 23 | 2050g | / | 1000w |
| 0:03 | Peasant |
| 0:03 | Peasant |
| 0:28 | Altar of Kings |
| 0:42 | Farm |
| 0:44 | Peasant |
| 0:44 | Peasant |
| 0:53 | Lumber Mill |
| 0:56 | Peasant |
| 1:05 | Peasant |
| 1:26 | Farm |
| 1:32 | Scout Tower |
| 1:33 | Peasant |
| 1:51 | Peasant |
| 1:55 | Scout Tower |
| 2:02 | Arcane Vault |
| 2:09 | Peasant |
| 2:10 | Guard Tower |
| 2:18 | Scout Tower |
| 2:19 | Peasant |
| 2:27 | Arcane Tower |
| 2:30 | Scout Tower |
| 2:39 | Improved Masonry |
| 2:42 | Peasant |
| 2:47 | Guard Tower |
| 3:05 | Guard Tower |
| 3:16 | Lesser Clarity Potion |
| 3:16 | Lesser Clarity Potion |
| 3:38 | Keep |
| 3:48 | Farm |
| 4:09 | Flame Strike |
| 4:16 | Blacksmith |
| 5:11 | Farm |
| 5:34 | Farm |
| 5:41 | Scout Tower |
| 5:46 | Iron Plating |
| 6:02 | Arcane Sanctum |
| 6:26 | Arcane Sanctum |
| 6:47 | Workshop |
| 6:49 | Advanced Masonry |
| 7:16 | Spell Breaker |
| 7:42 | Spell Breaker |
| 7:45 | Spell Breaker |
| 8:20 | Spell Breaker |
| 8:21 | Mortar Team |
| 8:29 | Farm |
| 8:37 | Farm |
| 8:46 | Mortar Team |
| 9:45 | Siphon Mana |
| 10:05 | Magic Sentry |
| 10:07 | Scroll of Regeneration |
| 10:11 | Mortar Team |
| 10:18 | Steel Plating |
| 10:24 | Holy Light |
| 10:45 | Scroll of Town Portal |
| 10:56 | Workshop |
| 11:32 | Farm |
| 11:34 | Flak Cannons |
| 11:53 | Flame Strike |
| 12:19 | Spell Breaker |
| 12:28 | Mortar Team |
| 12:54 | Flying Machine |
| 12:55 | Flying Machine |
| 13:02 | Scroll of Town Portal |
| 13:06 | Flying Machine |
| 13:09 | Spell Breaker |
| 13:25 | Flying Machine |
| 13:26 | Flying Machine |
| 13:44 | Flying Machine |
| 13:55 | Farm |
| 14:08 | Devotion Aura |
| 14:31 | Flying Machine |
| 14:33 | Flying Machine |
| 14:55 | Flying Machine |
| 14:59 | Black Gunpowder |
| 15:00 | Flying Machine |
| 15:05 | Scout Tower |
| 16:05 | Siphon Mana |
| 16:26 | Flying Machine |
| 16:38 | Guard Tower |
| 16:46 | Flying Machine |
| 16:50 | Spell Breaker |
| 17:38 | Flying Machine |
| 17:38 | Flying Machine |
| 17:38 | Flying Machine |
| 18:22 | Scroll of Town Portal |
| 19:08 | Flying Machine |
| 19:09 | Flying Machine |
| 19:25 | Flying Machine |
| 19:46 | Flying Machine |
| 19:55 | Flying Machine |
| 20:12 | Flying Machine |
| 20:15 | Flying Machine |
| 20:31 | Devotion Aura |
| 21:05 | Flying Machine |
| 21:06 | Flying Machine |
| Right click | 591 |
| Select | 370 |
| Assign group | 87 |
| Build/train/purchase | 79 |
| Select group | 60 |
| Use ability | 31 |
| Chat | 24 |
| Minimap ping | 2 |
| Item give/drop | 1 |


| Lesser Clarity Potion | 1 | 70 |
| Scroll of Town Portal | 1 | 350 |
| total: | 2 | 420g |
| Wisp | 22 | 1320 | / | 0 |
| Archer | 4 | 520 | / | 40 |
| Huntress | 9 | 1755 | / | 180 |
| Dryad | 11 | 1595 | / | 660 |
| Druid of the Claw | 4 | 1020 | / | 320 |
| Hippogryph | 8 | 1280 | / | 160 |
| Forest Troll High Priest | 1 | 305 | / | 40 |
| total: | 59 | 7795g | / | 1400w |
| Ancient Protector | 2 | 270 | / | 160 |
| Altar of Elders | 1 | 180 | / | 50 |
| Moon Well | 9 | 1620 | / | 360 |
| Ancient of War | 1 | 150 | / | 60 |
| Ancient of Wonders | 2 | 180 | / | 60 |
| Hunter's Hall | 2 | 420 | / | 200 |
| Tree of Life | 1 | 340 | / | 185 |
| Ancient of Lore | 1 | 155 | / | 145 |
| Ancient of Wind | 2 | 300 | / | 280 |
| Tree of Ages | 1 | 320 | / | 180 |
| Tree of Eternity | 1 | 330 | / | 200 |
| total: | 21 | 3615g | / | 1500w |
| 0:09 | Altar of Elders |
| 0:14 | Moon Well |
| 0:15 | Wisp |
| 0:15 | Wisp |
| 0:36 | Ancient of War |
| 0:58 | Wisp |
| 0:59 | Wisp |
| 1:16 | Wisp |
| 1:16 | Wisp |
| 1:41 | Archer |
| 1:41 | Archer |
| 1:55 | Moon Well |
| 2:09 | Force of Nature |
| 2:57 | Ancient of Wonders |
| 3:05 | Hunter's Hall |
| 3:40 | Tree of Ages |
| 3:57 | Entangling Roots |
| 4:01 | Archer |
| 4:01 | Archer |
| 4:12 | Lesser Clarity Potion |
| 4:26 | Moon Well |
| 4:35 | Hunter's Hall |
| 5:44 | Huntress |
| 5:44 | Huntress |
| 5:44 | Huntress |
| 5:45 | Huntress |
| 7:04 | Tree of Eternity |
| 7:17 | Strength of the Moon |
| 7:42 | Huntress |
| 7:42 | Huntress |
| 8:02 | Force of Nature |
| 8:49 | Ancient Protector |
| 9:01 | Moon Well |
| 9:01 | Moon Well |
| 9:31 | Ancient of Lore |
| 10:27 | Wisp |
| 10:27 | Wisp |
| 10:32 | Wisp |
| 10:32 | Wisp |
| 10:35 | Huntress |
| 10:35 | Huntress |
| 10:38 | Huntress |
| 10:55 | Wisp |
| 10:55 | Wisp |
| 11:25 | Ancient of Wonders |
| 11:32 | Druid of the Claw Adept Training |
| 12:10 | Druid of the Claw Master Training |
| 12:25 | Forest Troll High Priest |
| 12:36 | Wisp |
| 12:36 | Wisp |
| 12:51 | Mark of the Claw |
| 12:59 | Scroll of Town Portal |
| 13:33 | Trueshot Aura |
| 13:45 | Moon Well |
| 13:57 | Tree of Life |
| 14:05 | Moon Well |
| 14:24 | Dryad |
| 14:40 | Druid of the Claw |
| 14:44 | Moon Well |
| 15:06 | Druid of the Claw |
| 15:23 | Moon Well |
| 15:52 | Dryad |
| 15:52 | Dryad |
| 16:11 | Wisp |
| 16:11 | Wisp |
| 16:11 | Wisp |
| 16:46 | Strength of the Wild |
| 16:52 | Reinforced Hides |
| 16:56 | Ultravision |
| 16:57 | Druid of the Claw |
| 16:57 | Druid of the Claw |
| 17:25 | Ancient of Wind |
| 17:26 | Ancient of Wind |
| 17:30 | Wisp |
| 17:30 | Wisp |
| 17:31 | Wisp |
| 17:31 | Wisp |
| 17:32 | Wisp |
| 17:45 | Ancient Protector |
| 18:31 | Hippogryph |
| 18:32 | Hippogryph |
| 18:32 | Hippogryph |
| 18:32 | Hippogryph |
| 18:32 | Hippogryph |
| 18:32 | Hippogryph |
| 18:32 | Hippogryph |
| 19:17 | Hippogryph |
| 20:10 | Entangling Roots |
| 20:19 | Dryad |
| 20:19 | Dryad |
| 20:19 | Dryad |
| 20:19 | Dryad |
| 20:51 | Dryad |
| 20:51 | Dryad |
| 20:51 | Dryad |
| 20:51 | Dryad |
| Right click | 709 |
| Select | 361 |
| Build/train/purchase | 84 |
| Select group | 83 |
| Use ability | 29 |
| Assign group | 22 |
| Resource trade | 7 |
| Remove unit | 5 |
| Minimap ping | 1 |


| Healing Salve | 4 | 400 |
| Lesser Clarity Potion | 1 | 70 |
| Orb of Lightning | 1 | 375 |
| Circlet of Nobility | 1 | 175 |
| total: | 7 | 1020g |
| Peon | 15 | 1125 | / | 0 |
| Grunt | 9 | 1800 | / | 0 |
| Troll Headhunter | 19 | 2660 | / | 380 |
| Shaman | 4 | 520 | / | 80 |
| Troll Berserker | 2 | 280 | / | 40 |
| Tauren | 6 | 1680 | / | 480 |
| Rogue | 1 | 150 | / | 0 |
| Assassin | 1 | 250 | / | 30 |
| total: | 57 | 8465g | / | 1010w |
| Altar of Storms | 2 | 360 | / | 100 |
| Barracks | 1 | 180 | / | 50 |
| Orc Burrow | 5 | 800 | / | 200 |
| War Mill | 1 | 205 | / | 0 |
| Voodoo Lounge | 1 | 130 | / | 30 |
| Great Hall | 1 | 385 | / | 185 |
| Spirit Lodge | 2 | 300 | / | 300 |
| Tauren Totem | 1 | 135 | / | 155 |
| Stronghold | 1 | 315 | / | 190 |
| Fortress | 3 | 975 | / | 570 |
| total: | 14 | 2495g | / | 1020w |
| 0:05 | Peon |
| 0:05 | Peon |
| 0:05 | Peon |
| 0:05 | Peon |
| 0:05 | Peon |
| 0:24 | Altar of Storms |
| 0:36 | Barracks |
| 0:52 | Orc Burrow |
| 1:09 | War Mill |
| 1:48 | Grunt |
| 1:48 | Grunt |
| 2:09 | Orc Burrow |
| 2:25 | Orc Burrow |
| 3:03 | Troll Headhunter |
| 3:03 | Troll Headhunter |
| 3:03 | Troll Headhunter |
| 3:04 | Troll Headhunter |
| 3:04 | Troll Headhunter |
| 3:04 | Troll Headhunter |
| 3:04 | Troll Headhunter |
| 3:04 | Troll Headhunter |
| 3:10 | Feral Spirit |
| 3:26 | Voodoo Lounge |
| 3:45 | Troll Headhunter |
| 3:46 | Troll Headhunter |
| 4:18 | Troll Headhunter |
| 4:18 | Troll Headhunter |
| 4:18 | Troll Headhunter |
| 4:48 | Healing Salve |
| 4:57 | Stronghold |
| 5:06 | Chain Lighting |
| 5:49 | Circlet of Nobility |
| 6:10 | Steel Melee Weapons |
| 6:10 | Steel Armor |
| 6:12 | Steel Ranged Weapons |
| 6:27 | Troll Headhunter |
| 6:27 | Troll Headhunter |
| 6:32 | Orc Burrow |
| 6:43 | Orc Burrow |
| 6:47 | Spiked Barricades |
| 6:47 | Improved Spiked Barricades |
| 7:28 | Far Sight |
| 7:39 | Berserker Strength |
| 7:44 | Peon |
| 7:44 | Peon |
| 7:59 | Grunt |
| 8:00 | Grunt |
| 8:15 | Rogue |
| 8:17 | Assassin |
| 9:59 | Great Hall |
| 10:17 | Endurance Aura |
| 10:48 | Feral Spirit |
| 10:55 | Spirit Lodge |
| 10:59 | Thorium Armor |
| 11:05 | Thorium Ranged Weapons |
| 11:45 | Fortress |
| 12:13 | Healing Salve |
| 12:36 | Peon |
| 12:36 | Peon |
| 12:36 | Peon |
| 12:37 | Backpack |
| 12:39 | Pillage |
| 13:40 | Shaman Adept Training |
| 13:41 | Shaman |
| 13:41 | Shaman |
| 13:43 | Troll Regeneration |
| 13:44 | Troll Headhunter |
| 13:44 | Troll Headhunter |
| 13:44 | Troll Headhunter |
| 13:50 | Healing Salve |
| 13:59 | Healing Salve |
| 14:17 | Berserker Upgrade |
| 14:21 | Troll Headhunter |
| 14:31 | Tauren Totem |
| 14:38 | Peon |
| 14:48 | Lesser Clarity Potion |
| 14:52 | Orb of Lightning |
| 15:58 | Troll Berserker |
| 15:58 | Troll Berserker |
| 16:02 | Tauren |
| 16:02 | Tauren |
| 16:02 | Tauren |
| 16:38 | Spirit Lodge |
| 16:43 | Grunt |
| 16:43 | Grunt |
| 17:04 | Tauren |
| 17:29 | Peon |
| 17:29 | Peon |
| 17:29 | Peon |
| 18:58 | Grunt |
| 18:58 | Grunt |
| 19:02 | Altar of Storms |
| 19:07 | Shaman Master Training |
| 19:08 | Shaman |
| 19:08 | Shaman |
| 19:21 | Grunt |
| 20:13 | Peon |
| 20:23 | Pulverize |
| 20:23 | Tauren |
| 20:24 | Tauren |
| Select | 283 |
| Right click | 268 |
| Select group | 172 |
| Build/train/purchase | 115 |
| Misc. action | 99 |
| Assign group | 31 |
| Use ability | 28 |
| Minimap ping | 12 |
| Remove unit | 5 |
| Item give/drop | 1 |
175 units @ 21.6k
/ 2.1k
91 buildings @ 12.5k
/ 5.9k


| Orb of Venom | 1 | 325 |
| Scroll of Town Portal | 4 | 1400 |
| total: | 5 | 1725g |
| Wisp | 20 | 1200 | / | 0 |
| Archer | 22 | 2860 | / | 220 |
| Hippogryph | 12 | 1920 | / | 240 |
| total: | 54 | 5980g | / | 460w |
| Ancient Protector | 3 | 405 | / | 240 |
| Altar of Elders | 1 | 180 | / | 50 |
| Moon Well | 7 | 1260 | / | 280 |
| Ancient of War | 2 | 300 | / | 120 |
| Ancient of Wonders | 1 | 90 | / | 30 |
| Hunter's Hall | 1 | 210 | / | 100 |
| Tree of Life | 1 | 340 | / | 185 |
| Ancient of Wind | 2 | 300 | / | 280 |
| Tree of Ages | 1 | 320 | / | 180 |
| Tree of Eternity | 1 | 330 | / | 200 |
| total: | 18 | 3085g | / | 1285w |
| 0:04 | Wisp |
| 0:04 | Wisp |
| 0:15 | Altar of Elders |
| 0:21 | Moon Well |
| 0:28 | Wisp |
| 0:34 | Ancient of War |
| 0:37 | Wisp |
| 0:53 | Wisp |
| 0:55 | Wisp |
| 1:22 | Wisp |
| 1:26 | Moon Well |
| 1:36 | Archer |
| 1:39 | Wisp |
| 1:54 | Ancient of Wonders |
| 2:01 | Archer |
| 2:16 | Mana Burn |
| 2:22 | Wisp |
| 2:33 | Archer |
| 2:39 | Archer |
| 3:06 | Tree of Ages |
| 3:24 | Hunter's Hall |
| 3:28 | Evasion |
| 3:38 | Archer |
| 3:56 | Archer |
| 4:12 | Moon Well |
| 4:18 | Evasion |
| 4:28 | Strength of the Moon |
| 4:28 | Moon Armor |
| 5:10 | Archer |
| 5:10 | Archer |
| 5:47 | Ancient of Wind |
| 5:59 | Mana Burn |
| 6:07 | Wisp |
| 6:07 | Wisp |
| 6:22 | Improved Bows |
| 6:25 | Improved Strength of the Moon |
| 6:44 | Trueshot Aura |
| 7:00 | Moon Well |
| 7:20 | Tree of Life |
| 7:44 | Wisp |
| 7:44 | Wisp |
| 8:34 | Hippogryph |
| 8:35 | Hippogryph |
| 8:35 | Hippogryph |
| 8:39 | Ancient of Wind |
| 8:53 | Tree of Eternity |
| 9:26 | Scroll of Town Portal |
| 9:40 | Ancient Protector |
| 9:50 | Wisp |
| 9:50 | Wisp |
| 9:51 | Wisp |
| 10:02 | Improved Moon Armor |
| 10:55 | Hippogryph |
| 10:57 | Archer |
| 11:24 | Marksmanship |
| 11:39 | Orb of Venom |
| 11:56 | Wisp |
| 11:56 | Wisp |
| 12:04 | Scroll of Town Portal |
| 12:16 | Hippogryph |
| 12:23 | Archer |
| 12:31 | Scout |
| 12:45 | Archer |
| 12:48 | Advanced Strength of the Moon |
| 13:30 | Evasion |
| 13:45 | Hippogryph |
| 13:55 | Scroll of Town Portal |
| 14:08 | Hippogryph |
| 14:15 | Moon Well |
| 14:17 | Advanced Moon Armor |
| 14:25 | Wisp |
| 14:30 | Wisp |
| 14:42 | Ancient Protector |
| 15:52 | Trueshot Aura |
| 16:10 | Hippogryph |
| 16:10 | Hippogryph |
| 16:12 | Archer |
| 16:12 | Archer |
| 16:12 | Archer |
| 16:13 | Archer |
| 16:36 | Ancient of War |
| 16:41 | Ancient Protector |
| 17:04 | Well Spring |
| 17:38 | Archer |
| 17:38 | Archer |
| 17:40 | Archer |
| 17:40 | Archer |
| 17:44 | Moon Well |
| 17:46 | Hippogryph |
| 17:47 | Hippogryph |
| 18:48 | Scroll of Town Portal |
| 19:09 | Archer |
| 19:09 | Archer |
| 19:17 | Moon Well |
| 19:48 | Ultravision |
| 20:05 | Archer |
| 20:09 | Hippogryph |
| 20:50 | Metamorphosis |
| Right click | 855 |
| Select group | 713 |
| Select | 327 |
| Build/train/purchase | 99 |
| Assign group | 32 |
| Chat | 22 |
| Use ability | 14 |
| Item give/drop | 2 |



| Lesser Clarity Potion | 2 | 140 |
| Scroll of Regeneration | 3 | 300 |
| Potion of Healing | 5 | 750 |
| Orb of Fire | 2 | 650 |
| Staff of Sanctuary | 2 | 500 |
| Potion of Mana | 1 | 200 |
| Scroll of Town Portal | 4 | 1400 |
| total: | 19 | 3940g |
| Peasant | 19 | 1425 | / | 0 |
| Footman | 9 | 1215 | / | 0 |
| Dragonhawk Rider | 12 | 2400 | / | 360 |
| Gryphon Rider | 6 | 1680 | / | 420 |
| total: | 46 | 6720g | / | 780w |
| Scout Tower | 9 | 270 | / | 180 |
| Arcane Tower | 3 | 210 | / | 150 |
| Guard Tower | 8 | 560 | / | 400 |
| Altar of Kings | 1 | 180 | / | 50 |
| Barracks | 1 | 160 | / | 60 |
| Farm | 13 | 1040 | / | 260 |
| Arcane Vault | 2 | 260 | / | 60 |
| Lumber Mill | 2 | 240 | / | 0 |
| Town Hall | 1 | 385 | / | 205 |
| Blacksmith | 1 | 140 | / | 60 |
| Gryphon Aviary | 2 | 280 | / | 300 |
| Keep | 2 | 640 | / | 420 |
| Castle | 2 | 720 | / | 420 |
| total: | 32 | 2955g | / | 1175w |
| 0:02 | Peasant |
| 0:02 | Peasant |
| 0:03 | Peasant |
| 0:03 | Peasant |
| 0:37 | Peasant |
| 0:39 | Peasant |
| 0:51 | Altar of Kings |
| 1:04 | Barracks |
| 1:11 | Farm |
| 1:13 | Farm |
| 1:15 | Farm |
| 1:25 | Peasant |
| 1:57 | Peasant |
| 1:59 | Farm |
| 2:05 | Peasant |
| 2:11 | Footman |
| 2:20 | Peasant |
| 2:30 | Footman |
| 2:32 | Footman |
| 2:34 | Farm |
| 2:38 | Peasant |
| 2:44 | Farm |
| 2:46 | Farm |
| 2:57 | Footman |
| 3:01 | Farm |
| 3:05 | Scout Tower |
| 3:07 | Arcane Vault |
| 3:24 | Blizzard |
| 3:44 | Lumber Mill |
| 3:45 | Arcane Tower |
| 3:46 | Peasant |
| 3:46 | Peasant |
| 3:47 | Peasant |
| 3:47 | Peasant |
| 4:25 | Town Hall |
| 4:36 | Scout Tower |
| 4:36 | Scout Tower |
| 4:38 | Scout Tower |
| 4:38 | Scout Tower |
| 5:00 | Improved Lumber Harvesting |
| 5:15 | Brilliance Aura |
| 5:26 | Defend |
| 5:33 | Keep |
| 5:40 | Arcane Tower |
| 5:54 | Guard Tower |
| 6:24 | Improved Masonry |
| 6:28 | Guard Tower |
| 6:32 | Farm |
| 6:50 | Farm |
| 6:51 | Farm |
| 6:51 | Farm |
| 6:57 | Farm |
| 7:05 | Footman |
| 7:06 | Footman |
| 7:06 | Footman |
| 7:35 | Lesser Clarity Potion |
| 7:36 | Scroll of Regeneration |
| 7:36 | Lesser Clarity Potion |
| 7:54 | Advanced Lumber Harvesting |
| 7:56 | Castle |
| 8:21 | Gryphon Aviary |
| 8:22 | Gryphon Aviary |
| 8:45 | Peasant |
| 8:45 | Peasant |
| 8:45 | Peasant |
| 8:45 | Peasant |
| 8:56 | Potion of Healing |
| 8:56 | Scroll of Town Portal |
| 9:08 | Footman |
| 9:08 | Footman |
| 9:44 | Blacksmith |
| 9:56 | Storm Bolt |
| 10:22 | Cloud |
| 10:23 | Storm Hammers |
| 10:26 | Potion of Healing |
| 10:26 | Orb of Fire |
| 10:27 | Staff of Sanctuary |
| 10:44 | Scout Tower |
| 10:45 | Scout Tower |
| 10:47 | Scout Tower |
| 10:48 | Scout Tower |
| 11:03 | Iron Forged Swords |
| 11:03 | Studded Leather Armor |
| 11:10 | Dragonhawk Rider |
| 11:11 | Dragonhawk Rider |
| 11:57 | Guard Tower |
| 11:58 | Gryphon Rider |
| 11:59 | Dragonhawk Rider |
| 12:03 | Steel Forged Swords |
| 12:19 | Guard Tower |
| 12:22 | Gryphon Rider |
| 12:23 | Dragonhawk Rider |
| 12:51 | Gryphon Rider |
| 12:51 | Dragonhawk Rider |
| 12:58 | Guard Tower |
| 13:48 | Holy Light |
| 13:52 | Gryphon Rider |
| 13:53 | Dragonhawk Rider |
| 13:55 | Reinforced Leather Armor |
| 13:58 | Advanced Masonry |
| 14:04 | Arcane Vault |
| 14:34 | Dragonhawk Rider |
| 14:35 | Gryphon Rider |
| 14:55 | Dragonhawk Rider |
| 14:58 | Mithril Forged Swords |
| 15:25 | Bash |
| 15:33 | Blizzard |
| 15:48 | Dragonhawk Rider |
| 15:55 | Lumber Mill |
| 15:57 | Dragonhawk Rider |
| 16:06 | Dragonhide Armor |
| 16:16 | Scroll of Town Portal |
| 16:16 | Scroll of Regeneration |
| 18:14 | Divine Shield |
| 18:14 | Divine Shield |
| 18:36 | Storm Bolt |
| 18:47 | Dragonhawk Rider |
| 18:48 | Gryphon Rider |
| 18:50 | Dragonhawk Rider |
| 18:58 | Orb of Fire |
| 19:00 | Staff of Sanctuary |
| 19:00 | Potion of Healing |
| 19:05 | Potion of Mana |
| 19:05 | Potion of Healing |
| 19:06 | Scroll of Town Portal |
| 19:08 | Scroll of Town Portal |
| 19:19 | Brilliance Aura |
| 19:22 | Potion of Healing |
| 19:27 | Scroll of Regeneration |
| 19:49 | Imbued Masonry |
| 20:54 | Holy Light |
| Right click | 1124 |
| Select | 449 |
| Select group | 236 |
| Build/train/purchase | 141 |
| Chat | 83 |
| Use ability | 47 |
| Assign group | 34 |
| Misc. action | 21 |
| Remove unit | 3 |
| Item give/drop | 1 |

| Lesser Clarity Potion | 2 | 140 |
| Potion of Healing | 1 | 150 |
| Potion of Mana | 1 | 200 |
| Orb of Venom | 1 | 325 |
| Scroll of Town Portal | 2 | 700 |
| total: | 7 | 1515g |
| Wisp | 38 | 2280 | / | 0 |
| Archer | 12 | 1560 | / | 120 |
| Huntress | 10 | 1950 | / | 200 |
| Hippogryph | 11 | 1760 | / | 220 |
| Chimaera | 4 | 1320 | / | 280 |
| total: | 75 | 8870g | / | 820w |
| Ancient Protector | 23 | 3105 | / | 1840 |
| Altar of Elders | 1 | 180 | / | 50 |
| Moon Well | 8 | 1440 | / | 320 |
| Hunter's Hall | 1 | 210 | / | 100 |
| Ancient of War | 1 | 150 | / | 60 |
| Ancient of Wonders | 1 | 90 | / | 30 |
| Tree of Life | 2 | 680 | / | 370 |
| Ancient of Wind | 2 | 300 | / | 280 |
| Chimaera Roost | 2 | 280 | / | 380 |
| Tree of Ages | 1 | 320 | / | 180 |
| Tree of Eternity | 1 | 330 | / | 200 |
| total: | 41 | 6435g | / | 3430w |
| 0:34 | Wisp |
| 0:34 | Wisp |
| 0:38 | Altar of Elders |
| 0:41 | Moon Well |
| 0:46 | Wisp |
| 1:46 | Wisp |
| 1:46 | Wisp |
| 1:52 | Hunter's Hall |
| 1:59 | Wisp |
| 2:10 | Ancient of War |
| 2:13 | Wisp |
| 2:13 | Wisp |
| 2:50 | Fan of Knives |
| 2:52 | Wisp |
| 2:55 | Moon Well |
| 3:02 | Wisp |
| 3:09 | Ancient of Wonders |
| 3:28 | Archer |
| 3:52 | Huntress |
| 4:15 | Huntress |
| 4:58 | Huntress |
| 5:22 | Huntress |
| 5:25 | Wisp |
| 5:26 | Wisp |
| 5:28 | Wisp |
| 5:28 | Wisp |
| 5:33 | Moon Well |
| 5:37 | Lesser Clarity Potion |
| 5:38 | Lesser Clarity Potion |
| 6:08 | Shadow Strike |
| 6:33 | Tree of Ages |
| 6:35 | Huntress |
| 6:51 | Tree of Life |
| 6:52 | Ancient Protector |
| 6:53 | Ancient Protector |
| 7:10 | Ancient Protector |
| 7:17 | Ancient Protector |
| 7:21 | Ancient Protector |
| 7:27 | Huntress |
| 7:44 | Archer |
| 7:45 | Archer |
| 8:24 | Huntress |
| 8:30 | Ancient Protector |
| 8:34 | Ancient Protector |
| 8:43 | Fan of Knives |
| 8:55 | Ancient of Wind |
| 8:58 | Wisp |
| 8:58 | Wisp |
| 8:58 | Wisp |
| 9:14 | Wisp |
| 9:17 | Wisp |
| 9:17 | Wisp |
| 9:18 | Wisp |
| 9:32 | Wisp |
| 9:32 | Wisp |
| 9:32 | Wisp |
| 9:32 | Wisp |
| 10:12 | Hippogryph |
| 10:14 | Hippogryph |
| 10:16 | Wisp |
| 10:33 | Wisp |
| 10:33 | Wisp |
| 10:34 | Wisp |
| 10:39 | Wisp |
| 11:10 | Wisp |
| 11:10 | Wisp |
| 11:15 | Ancient of Wind |
| 11:19 | Ancient Protector |
| 11:23 | Ancient Protector |
| 12:02 | Shadow Strike |
| 12:19 | Ancient Protector |
| 12:20 | Ancient Protector |
| 12:22 | Wisp |
| 12:22 | Wisp |
| 12:22 | Wisp |
| 12:22 | Wisp |
| 12:27 | Ancient Protector |
| 12:28 | Ancient Protector |
| 12:30 | Tree of Eternity |
| 12:34 | Archer |
| 13:02 | Hippogryph |
| 13:04 | Hippogryph |
| 13:11 | Moon Well |
| 13:33 | Nature's Blessing |
| 13:50 | Huntress |
| 13:52 | Moon Glaive |
| 14:03 | Reinforced Hides |
| 14:36 | Improved Bows |
| 14:42 | Scroll of Town Portal |
| 14:43 | Potion of Healing |
| 14:43 | Potion of Mana |
| 15:34 | Chimaera Roost |
| 15:36 | Chimaera Roost |
| 16:04 | Hippogryph |
| 16:06 | Archer |
| 16:06 | Archer |
| 16:06 | Marksmanship |
| 16:31 | Shadow Strike |
| 16:37 | Moon Well |
| 16:38 | Moon Well |
| 16:44 | Moon Well |
| 17:08 | Huntress |
| 17:36 | Corrosive Breath |
| 17:41 | Wisp |
| 17:41 | Wisp |
| 17:48 | Chimaera |
| 18:26 | Chimaera |
| 18:29 | Moon Well |
| 18:32 | Ancient Protector |
| 18:40 | Chimaera |
| 19:11 | Hippogryph |
| 20:05 | Spirit of Vengeance |
| 20:33 | Blink |
| 21:16 | Chimaera |
| 21:19 | Hippogryph |
| 21:26 | Hippogryph |
| 21:47 | Huntress |
| 22:10 | Tree of Life |
| 22:12 | Ancient Protector |
| 22:12 | Ancient Protector |
| 22:14 | Ancient Protector |
| 22:15 | Ancient Protector |
| 22:24 | Ancient Protector |
| 22:26 | Ancient Protector |
| 22:42 | Archer |
| 22:42 | Archer |
| 23:08 | Well Spring |
| 23:12 | Moon Armor |
| 23:20 | Ancient Protector |
| 23:48 | Orb of Venom |
| 23:52 | Scroll of Town Portal |
| 24:23 | Improved Reinforced Hides |
| 24:28 | Ancient Protector |
| 24:33 | Archer |
| 24:33 | Archer |
| 24:34 | Archer |
| 24:35 | Archer |
| 24:36 | Hippogryph |
| 24:37 | Hippogryph |
| 25:14 | Hippogryph |
| 25:22 | Strength of the Moon |
| 25:55 | Ancient Protector |
| 26:42 | Ultravision |
| 27:51 | Improved Strength of the Moon |
| 27:52 | Strength of the Wild |
| Right click | 685 |
| Select | 428 |
| Select group | 180 |
| Build/train/purchase | 141 |
| Assign group | 53 |
| Use ability | 18 |
| Chat | 8 |
| Esc | 4 |
| Misc. action | 3 |
| Item give/drop | 3 |
| Remove unit | 2 |
| Minimap ping | 1 |
⇛